Montreal Canadiens vs Hartford Whalers
Created - Friday, May 12, 2023 at 07:10
Goals
|
| Montreal Canadiens |
0 |
2 |
2 |
4 |
| Hartford Whalers |
2 |
0 |
3 |
5 |
|
Shots
|
| Montreal Canadiens |
9 |
11 |
13 |
33 |
| Hartford Whalers |
9 |
10 |
20 |
39 |
|
1st period
1. Hartford Whalers , Joshua Norris 19 (Alexander Wennberg 30, Paul Byron 8) at 9:08
2. Hartford Whalers , Alexis Lafreniere 11 (Alec Martinez 11) at 17:48
Penalties :
Adam Fox (MTL) for Tripping (Minor) at 0:15
2nd period
3. Montreal Canadiens , Filip Forsberg 25 (Alexandre Carrier 8) at 4:21
4. Montreal Canadiens , Tyson Jost 6 (Filip Hronek 16) at 9:26
Penalties :
Scott Mayfield (MTL) for Hooking (Minor) at 7:02, Tyson Jost (MTL) for Delaying the game (Minor) at 11:58
3rd period
5. Montreal Canadiens , Miles Wood 12 (Tyson Jost 11, Matty Beniers 13) at 1:16
6. Hartford Whalers , Joshua Norris 20 (Marcus Foligno 9) at 8:58 (SH)
7. Hartford Whalers , Kevin Labanc 9 (Joshua Norris 29, Marcus Foligno 10) at 10:29
8. Hartford Whalers , Brett Howden 5 (Kevin Labanc 8, Paul Byron 9) at 18:24
9. Montreal Canadiens , Filip Forsberg 26 (Sidney Crosby 41, Filip Hronek 17) at 19:33
Penalties :
Patrik Laine (MTL) for Hooking (Minor) at 1:40, Filip Forsberg (MTL) for Roughing (Minor) at 5:48, Kevin Labanc (HFD) for Roughing (Minor) at 8:18
Goalie Stats
Daniel Vladar (MTL), 34 saves from 39 shots - (0.872), L, 2-5-2, 59:37 minutes
Anton Forsberg (HFD), 29 saves from 33 shots - (0.879), W, 14-9-2, 60:00 minutes
Players Stats for Montreal Canadiens
Player Name G A P +/- PIM S H SB GA TA FO MP PP MP PK MP
------------------------------------------------------------------------------------
Adam Fox 0 0 0 -2 2 2 0 2 1 0 0/0 23:49 1:45 0:39
Alexandre Carrier 0 1 1 0 0 0 0 3 1 0 0/0 13:09 0:00 0:38
Brady Skjei 0 0 0 1 0 1 1 3 0 0 0/0 19:51 0:14 4:16
Christian Fischer 0 0 0 1 0 2 2 0 1 0 0/0 10:17 0:00 0:00
Filip Forsberg 2 0 2 -1 2 6 0 0 1 0 0/1 16:04 1:45 0:00
Filip Hronek 0 2 2 1 0 0 3 0 0 0 0/0 22:58 1:45 4:16
Jack Quinn 0 0 0 0 0 0 0 0 0 0 0/0 0:00 0:00 0:00
Jake Evans 0 0 0 0 0 1 1 0 0 0 0/2 16:49 0:00 2:39
Martin Necas 0 0 0 -2 0 1 3 2 0 0 0/1 17:58 0:14 4:15
Matty Beniers 0 1 1 -2 0 3 1 0 1 1 5/16 14:36 0:14 0:00
Miles Wood 1 0 1 0 0 2 0 0 1 0 1/1 11:42 0:14 0:59
Patrik Laine 0 0 0 -2 2 3 1 0 1 1 0/2 18:05 1:45 2:39
Rasmus Asplund 0 0 0 0 0 2 0 0 1 0 0/0 10:01 0:00 0:25
Scott Mayfield 0 0 0 1 2 0 1 0 0 0 0/0 16:38 0:00 4:27
Sidney Crosby 0 1 1 -1 0 4 2 0 0 0 7/20 17:34 1:45 0:56
Tomas Nosek 0 0 0 1 0 1 2 0 1 0 1/5 14:56 0:00 4:44
Tyler Myers 0 0 0 -2 0 0 1 2 0 1 0/0 24:19 0:14 5:34
Tyson Jost 1 1 2 2 2 5 2 1 1 0 4/7 21:14 0:00 3:13
Players Stats for Hartford Whalers
Player Name G A P +/- PIM S H SB GA TA FO MP PP MP PK MP
------------------------------------------------------------------------------------
Alec Martinez 0 1 1 0 0 0 0 1 0 1 0/0 14:41 0:43 0:00
Alexander Wennberg 0 1 1 0 0 4 2 0 0 0 1/1 19:36 4:42 0:58
Alexis Lafreniere 1 0 1 0 0 6 0 0 0 0 0/0 13:06 1:18 0:00
Anthony Mantha 0 0 0 0 0 4 2 0 0 0 0/1 17:58 3:55 0:58
Brett Howden 1 0 1 -1 0 1 0 0 0 0 0/1 9:47 1:08 0:00
Casey Cizikas 0 0 0 0 0 3 1 0 1 2 8/14 16:57 3:52 0:00
Eetu Luostarinen 0 0 0 0 0 3 1 1 1 0 7/9 12:55 1:07 0:00
Haydn Fleury 0 0 0 0 0 1 0 0 0 2 0/0 14:41 0:43 0:00
Jaccob Slavin 0 0 0 0 0 1 2 0 0 1 0/0 23:05 5:05 0:50
Josh Anderson 0 0 0 0 0 1 3 0 0 0 1/1 17:00 3:55 0:00
Joshua Norris 2 1 3 2 0 5 0 0 0 2 19/24 19:51 4:42 1:01
Kevin Labanc 1 1 2 0 2 2 2 0 1 0 0/0 9:30 0:14 0:00
Marcus Foligno 0 2 2 2 0 3 1 0 0 0 1/1 19:54 4:41 1:01
Michael Raffl 0 0 0 0 0 1 1 0 0 1 0/1 12:10 0:00 0:00
Paul Byron 0 2 2 -1 0 1 0 0 0 0 0/2 9:16 0:11 0:00
Thomas Chabot 0 0 0 0 0 1 0 1 0 0 0/0 23:05 5:05 0:50
Torey Krug 0 0 0 1 0 2 0 1 0 1 0/0 22:14 4:07 1:09
Trevor van Riemsdyk 0 0 0 1 0 0 0 3 0 0 0/0 22:14 4:07 1:09
3 Stars
1 - Joshua Norris (HFD)
2 - Tyson Jost (MTL)
3 - Marcus Foligno (HFD)
Power Play
Montreal Canadiens - 0 on 1 Attempt(s) - 0.00%
Hartford Whalers - 0 on 5 Attempt(s) - 0.00%
Penalty Kill
Montreal Canadiens - 5 on 5 Attempt(s) - 100.00%
- Score 0 goal in Penalty Kill
Hartford Whalers - 1 on 1 Attempt(s) - 100.00%
- Score 1 goal in Penalty Kill
Team Stat
Montreal Canadiens - Hits : 20 - Faceoff Wins : 18 - Blocked Shots : 13 - Penalty Minutes : 10
Hartford Whalers - Hits : 15 - Faceoff Wins : 37 - Blocked Shots : 7 - Penalty Minutes : 2
Official
Referees : Jon Mclsaac and Ghislain Hebert
Linesman : Shandor Alphonso and David Brisebois
Game Notes
No Game Note
Finance
Level 1 -- Attendance: 4900 (49.00%) -- Ticket Income $490,000
Level 2 -- Attendance: 3754 (75.08%) -- Ticket Income $225,240
Level 3 -- Attendance: 2250 (75.00%) -- Ticket Income $78,750
Level 4 -- Attendance: 4086 (81.72%) -- Ticket Income $102,150
Luxury Box -- Attendance: 802 (80.20%) -- Ticket Income $160,400
Game was played at the Hartford Civic Center.
Total Attendance: 15792 (65.80%)
Total Ticket Income: $1,056,540
Other Income: $369,789
Total Income: $1,426,329
Montreal Canadiens
5 vs 5 Forward
Center Left Wing Right Wing Time % Phy DF OF
1 Sidney Crosby Filip Forsberg Jake Evans 30 1 1 3
2 Matty Beniers Patrik Laine Martin Necas 30 1 1 2
3 Tyson Jost Christian Fischer Miles Wood 20 1 2 1
4 Tyson Jost Tomas Nosek Rasmus Asplund 20 1 2 1
5 vs 5 Defense
Defense Defense Time % Phy DF OF
1 Tyler Myers Adam Fox 40 1 2 2
2 Brady Skjei Filip Hronek 30 1 2 2
3 Scott Mayfield Alexandre Carrier 25 1 2 2
4 Adam Fox Filip Hronek 5 1 1 2
PowerPlay Forward
Center Left Wing Right Wing Time % Phy DF OF
1 Sidney Crosby Filip Forsberg Patrik Laine 80 1 2 2
2 Matty Beniers Miles Wood Martin Necas 20 0 1 4
PowerPlay Defense
Defense Defense Time % Phy DF OF
1 Adam Fox Filip Hronek 75 1 2 2
2 Brady Skjei Tyler Myers 25 0 1 4
Penalty Kill 4 Players Forward
Center Wing Time % Phy DF OF
1 Tomas Nosek Tyson Jost 60 1 2 2
2 Jake Evans Martin Necas 40 1 2 2
Penalty Kill 4 Players Defense
Defense Defense Time % Phy DF OF
1 Tyler Myers Scott Mayfield 60 1 2 2
2 Brady Skjei Filip Hronek 40 1 2 2
Penalty Kill - 3 Players Forward
Forward Time % Phy DF OF
1 Jake Evans 60 1 2 2
2 Tyson Jost 40 1 2 2
Penalty Kill - 3 Players Defense
Defense Defense Time % Phy DF OF
1 Tyler Myers Adam Fox 60 1 2 2
2 Brady Skjei Scott Mayfield 40 1 2 2
4 vs 4 Forward
Center Wing Time % Phy DF OF
1 Sidney Crosby Filip Forsberg 60 1 2 2
2 Martin Necas Patrik Laine 40 1 2 2
4 vs 4 Defense
Defense Defense Time % Phy DF OF
1 Tyler Myers Adam Fox 60 1 2 2
2 Brady Skjei Filip Hronek 40 1 2 2
Last Minutes Offensive
Center Left Wing Right Wing Defense Defense
Sidney Crosby Filip Forsberg Patrik Laine Adam Fox Filip Hronek
Last Minutes Defensive
Center Left Wing Right Wing Defense Defense
Jake Evans Martin Necas Tomas Nosek Tyler Myers Adam Fox
Goaltenders
Starting : Daniel Vladar
Backup : Jacob Markstrom
Extra Forwards
Normal : Jake Evans, Matty Beniers, Sidney Crosby - PP : Martin Necas, Matty Beniers - PK : Tomas Nosek
Extra Defensemen
Normal : Adam Fox, Alexandre Carrier, Brady Skjei - PP : Adam Fox - PK : Alexandre Carrier, Brady Skjei
Penalty Shots
Sidney Crosby, Filip Forsberg, Patrik Laine, Martin Necas, Miles Wood
Hartford Whalers
5 vs 5 Forward
Center Left Wing Right Wing Time % Phy DF OF
1 Joshua Norris Marcus Foligno Alexander Wennberg 30 1 2 2
2 Casey Cizikas Anthony Mantha Josh Anderson 30 1 2 2
3 Eetu Luostarinen Alexis Lafreniere Michael Raffl 25 1 2 2
4 Paul Byron Brett Howden Kevin Labanc 15 1 2 2
5 vs 5 Defense
Defense Defense Time % Phy DF OF
1 Jaccob Slavin Thomas Chabot 35 1 2 2
2 Torey Krug Trevor van Riemsdyk 35 1 2 2
3 Alec Martinez Haydn Fleury 30 1 2 2
4 Jaccob Slavin Thomas Chabot 0 1 2 2
PowerPlay Forward
Center Left Wing Right Wing Time % Phy DF OF
1 Joshua Norris Marcus Foligno Alexander Wennberg 50 1 2 2
2 Casey Cizikas Anthony Mantha Josh Anderson 50 1 2 2
PowerPlay Defense
Defense Defense Time % Phy DF OF
1 Jaccob Slavin Thomas Chabot 50 1 2 2
2 Torey Krug Trevor van Riemsdyk 50 1 2 2
Penalty Kill 4 Players Forward
Center Wing Time % Phy DF OF
1 Joshua Norris Marcus Foligno 50 1 2 2
2 Alexander Wennberg Anthony Mantha 50 1 2 2
Penalty Kill 4 Players Defense
Defense Defense Time % Phy DF OF
1 Jaccob Slavin Thomas Chabot 50 1 2 2
2 Torey Krug Trevor van Riemsdyk 50 1 2 2
Penalty Kill - 3 Players Forward
Forward Time % Phy DF OF
1 Joshua Norris 50 1 2 2
2 Marcus Foligno 50 1 2 2
Penalty Kill - 3 Players Defense
Defense Defense Time % Phy DF OF
1 Jaccob Slavin Thomas Chabot 50 1 2 2
2 Torey Krug Trevor van Riemsdyk 50 1 2 2
4 vs 4 Forward
Center Wing Time % Phy DF OF
1 Joshua Norris Marcus Foligno 50 1 2 2
2 Alexander Wennberg Anthony Mantha 50 1 2 2
4 vs 4 Defense
Defense Defense Time % Phy DF OF
1 Jaccob Slavin Thomas Chabot 50 1 2 2
2 Torey Krug Trevor van Riemsdyk 50 1 2 2
Last Minutes Offensive
Center Left Wing Right Wing Defense Defense
Joshua Norris Marcus Foligno Alexander Wennberg Jaccob Slavin Thomas Chabot
Last Minutes Defensive
Center Left Wing Right Wing Defense Defense
Joshua Norris Marcus Foligno Alexander Wennberg Jaccob Slavin Thomas Chabot
Goaltenders
Starting : Anton Forsberg
Backup : Logan Thompson
Extra Forwards
Normal : Alexis Lafreniere, Eetu Luostarinen, Michael Raffl - PP : Alexis Lafreniere, Eetu Luostarinen - PK : Michael Raffl
Extra Defensemen
Normal : Alec Martinez, Haydn Fleury, Torey Krug - PP : Alec Martinez - PK : Haydn Fleury, Torey Krug
Penalty Shots
Joshua Norris, Marcus Foligno, Alexander Wennberg, Anthony Mantha, Josh Anderson
% Time on Ice - Montreal Canadiens
Lines # - Real PCT - Wanted PCT - Time Play
Normal Forward
1 - 32% - 30% - 15:02
2 - 28% - 30% - 13:17
3 - 21% - 20% - 10:06
4 - 19% - 20% - 9:15
Normal Defense
1 - 41% - 40% - 19:23
2 - 32% - 30% - 15:09
3 - 24% - 25% - 11:39
4 - 3% - 5% - 1:29
PP Forward
1 - 88% - 80% - 1:45
2 - 12% - 20% - 0:14
PP Defense
1 - 88% - 75% - 1:45
2 - 12% - 25% - 0:14
PK Forward
1 - 73% - 60% - 7:16
2 - 27% - 40% - 2:39
PK Defense
1 - 57% - 60% - 5:39
2 - 43% - 40% - 4:16
PK3 Forward
1 - 0% - 60%
2 - 0% - 40%
PK3 Defense
1 - 0% - 60%
2 - 0% - 40%
44 Forward
1 - 0% - 60%
2 - 0% - 40%
44 Defense
1 - 0% - 60%
2 - 0% - 40%
Last Minute Offensive - 0:26
Last Minute Defensive - 0:00
Total
Forward - 60:00
Defense - 60:00
|
% Time on Ice - Hartford Whalers
Lines # - Real PCT - Wanted PCT - Time Play
Normal Forward
1 - 29% - 30% - 13:46
2 - 27% - 30% - 13:05
3 - 25% - 25% - 11:44
4 - 19% - 15% - 9:05
Normal Defense
1 - 35% - 35% - 16:44
2 - 36% - 35% - 16:58
3 - 29% - 30% - 13:58
4 - 0% - 0% - 0:00
PP Forward
1 - 60% - 50% - 5:57
2 - 40% - 50% - 3:58
PP Defense
1 - 58% - 50% - 5:48
2 - 42% - 50% - 4:07
PK Forward
1 - 51% - 50% - 1:01
2 - 49% - 50% - 0:58
PK Defense
1 - 42% - 50% - 0:50
2 - 58% - 50% - 1:09
PK3 Forward
1 - 0% - 50%
2 - 0% - 50%
PK3 Defense
1 - 0% - 50%
2 - 0% - 50%
44 Forward
1 - 0% - 50%
2 - 0% - 50%
44 Defense
1 - 0% - 50%
2 - 0% - 50%
Last Minute Offensive - 0:00
Last Minute Defensive - 0:26
Total
Forward - 60:00
Defense - 60:00
|
Play-by-Play
1st period
0:01 of 1st period - Joshua Norris wins face-off versus Sidney Crosby in neutral zone.
0:15 of 1st period - Minor Penalty to Adam Fox for Tripping.
0:16 of 1st period - Tomas Nosek wins face-off versus Joshua Norris in Montreal Canadiens zone.
0:44 of 1st period - Thomas Chabot is hit by Martin Necas and loses puck.
2:15 of 1st period - Penalty to Adam Fox is over, Adam Fox is back on ice.
3:12 of 1st period - Brett Howden is hit by Sidney Crosby and loses puck.
4:34 of 1st period - Alexis Lafreniere is hit by Christian Fischer and loses puck.
5:30 of 1st period - Tyson Jost is hit by Josh Anderson and loses puck.
5:35 of 1st period - Snap shot by Anthony Mantha.
5:35 of 1st period - Shot Blocked by Alexandre Carrier.
5:37 of 1st period - Wrist shot by Josh Anderson.
5:37 of 1st period - Stopped by Daniel Vladar without a rebound.
5:38 of 1st period - Joshua Norris wins face-off versus Matty Beniers in Montreal Canadiens zone.
6:03 of 1st period - Haydn Fleury is hit by Jake Evans and loses puck.
7:00 of 1st period - Anthony Mantha is hit by Patrik Laine and loses puck.
7:19 of 1st period - Brady Skjei is hit by Jaccob Slavin and loses puck.
7:44 of 1st period - Snap shot by Tomas Nosek.
7:44 of 1st period - Stopped by Anton Forsberg without a rebound.
7:45 of 1st period - Joshua Norris wins face-off versus Jake Evans in Hartford Whalers zone.
7:50 of 1st period - Wrist shot by Adam Fox.
7:50 of 1st period - Deflect By Jake Evans.
7:50 of 1st period - Stopped by Anton Forsberg without a rebound.
7:51 of 1st period - Joshua Norris wins face-off versus Martin Necas in Hartford Whalers zone.
8:02 of 1st period - Marcus Foligno is hit by Martin Necas and loses puck.
9:08 of 1st period - Snap shot by Joshua Norris.
9:08 of 1st period - Goal by Joshua Norris - Montreal Canadiens : 0 - Hartford Whalers : 1.
9:09 of 1st period - Tyson Jost wins face-off versus Casey Cizikas in neutral zone.
9:14 of 1st period - Wrist shot by Miles Wood.
9:14 of 1st period - Deflect By Tyson Jost.
9:14 of 1st period - Stopped by Anton Forsberg with a rebound.
10:41 of 1st period - Slapshot by Matty Beniers.
10:41 of 1st period - Stopped by Anton Forsberg with a rebound.
10:43 of 1st period - Snap shot by Matty Beniers.
10:43 of 1st period - Stopped by Anton Forsberg without a rebound.
10:44 of 1st period - Casey Cizikas wins face-off versus Matty Beniers in Hartford Whalers zone.
10:44 of 1st period - Casey Cizikas is hit by Filip Hronek.
11:32 of 1st period - Wrist shot by Alexis Lafreniere.
11:32 of 1st period - Shot Blocked by Alexandre Carrier.
11:44 of 1st period - Jaccob Slavin is hit by Scott Mayfield and loses puck.
11:55 of 1st period - Eetu Luostarinen is hit by Tomas Nosek and loses puck.
12:17 of 1st period - Wrist shot by Alexis Lafreniere.
12:17 of 1st period - Stopped by Daniel Vladar without a rebound.
12:18 of 1st period - Matty Beniers wins face-off versus Casey Cizikas in Montreal Canadiens zone.
12:27 of 1st period - Casey Cizikas is hit by Matty Beniers and loses puck.
12:44 of 1st period - Sidney Crosby is hit by Marcus Foligno and loses puck.
13:05 of 1st period - Wrist shot by Miles Wood.
13:05 of 1st period - Stopped by Anton Forsberg with a rebound.
13:07 of 1st period - Wrist shot by Tyson Jost.
13:07 of 1st period - Shot Blocked by Alec Martinez.
13:09 of 1st period - Wrist shot by Tyson Jost.
13:09 of 1st period - Stopped by Anton Forsberg with a rebound.
13:11 of 1st period - Slapshot by Brady Skjei.
13:11 of 1st period - Stopped by Anton Forsberg with a rebound.
14:16 of 1st period - Wrist shot by Brett Howden.
14:16 of 1st period - Shot Blocked by Martin Necas.
14:33 of 1st period - Jaccob Slavin is hit by Tyson Jost.
14:59 of 1st period - Snap shot by Matty Beniers.
14:59 of 1st period - Stopped by Anton Forsberg without a rebound.
15:00 of 1st period - Miles Wood wins face-off versus Casey Cizikas in Hartford Whalers zone.
16:08 of 1st period - Paul Byron is hit by Martin Necas.
16:32 of 1st period - Slapshot by Casey Cizikas.
16:32 of 1st period - Shot Blocked by Alexandre Carrier.
16:49 of 1st period - Snap shot by Joshua Norris.
16:49 of 1st period - Stopped by Daniel Vladar with a rebound.
16:51 of 1st period - Snap shot by Marcus Foligno.
16:51 of 1st period - Shot Misses the Net.
16:53 of 1st period - Snap shot by Marcus Foligno.
16:53 of 1st period - Shot Blocked by Tyson Jost.
17:09 of 1st period - Wrist shot by Michael Raffl.
17:09 of 1st period - Stopped by Daniel Vladar with a rebound.
17:11 of 1st period - Snap shot by Alexis Lafreniere.
17:11 of 1st period - Stopped by Daniel Vladar without a rebound.
17:12 of 1st period - Eetu Luostarinen wins face-off versus Matty Beniers in Montreal Canadiens zone.
17:15 of 1st period - Wrist shot by Michael Raffl.
17:15 of 1st period - Shot Blocked by Tyler Myers.
17:23 of 1st period - Slapshot by Eetu Luostarinen.
17:23 of 1st period - Shot Blocked by Adam Fox.
17:48 of 1st period - Backhand shot by Alexis Lafreniere.
17:48 of 1st period - Goal by Alexis Lafreniere - Montreal Canadiens : 0 - Hartford Whalers : 2.
17:49 of 1st period - Casey Cizikas wins face-off versus Tomas Nosek in neutral zone.
17:56 of 1st period - Wrist shot by Anthony Mantha.
17:56 of 1st period - Stopped by Daniel Vladar with a rebound.
17:58 of 1st period - Slapshot by Jaccob Slavin.
17:58 of 1st period - Stopped by Daniel Vladar without a rebound.
17:59 of 1st period - Tyson Jost wins face-off versus Casey Cizikas in Montreal Canadiens zone.
17:59 of 1st period - Tyson Jost is hit by Josh Anderson.
18:31 of 1st period - Tyler Myers is hit by Anthony Mantha and loses puck.
18:44 of 1st period - Tomas Nosek is hit by Casey Cizikas and loses puck.
Goals for this period are 0 for Montreal Canadiens vs 2 for Hartford Whalers.
Shots for this period are 9 for Montreal Canadiens vs 9 for Hartford Whalers.
2nd period
0:01 of 2nd period - Matty Beniers wins face-off versus Joshua Norris in neutral zone.
0:03 of 2nd period - Off-side.
0:04 of 2nd period - Joshua Norris wins face-off versus Matty Beniers in neutral zone.
0:41 of 2nd period - Snap shot by Filip Forsberg.
0:41 of 2nd period - Stopped by Anton Forsberg without a rebound.
0:42 of 2nd period - Tyson Jost wins face-off versus Joshua Norris in Hartford Whalers zone.
1:32 of 2nd period - Wrist shot by Casey Cizikas.
1:32 of 2nd period - Stopped by Daniel Vladar without a rebound.
1:33 of 2nd period - Casey Cizikas wins face-off versus Matty Beniers in Montreal Canadiens zone.
1:34 of 2nd period - Snap shot by Anthony Mantha.
1:34 of 2nd period - Stopped by Daniel Vladar without a rebound.
1:35 of 2nd period - Matty Beniers wins face-off versus Casey Cizikas in Montreal Canadiens zone.
1:35 of 2nd period - Matty Beniers is hit by Anthony Mantha.
1:51 of 2nd period - Wrist shot by Anthony Mantha.
1:51 of 2nd period - Stopped by Daniel Vladar without a rebound.
1:52 of 2nd period - Joshua Norris wins face-off versus Sidney Crosby in Montreal Canadiens zone.
1:57 of 2nd period - Slapshot by Joshua Norris.
1:57 of 2nd period - Stopped by Daniel Vladar with a rebound.
3:43 of 2nd period - Wrist shot by Alexis Lafreniere.
3:43 of 2nd period - Stopped by Daniel Vladar without a rebound.
3:44 of 2nd period - Joshua Norris wins face-off versus Matty Beniers in Montreal Canadiens zone.
3:55 of 2nd period - Wrist shot by Alexander Wennberg.
3:55 of 2nd period - Stopped by Daniel Vladar with a rebound.
3:57 of 2nd period - Snap shot by Alexander Wennberg.
3:57 of 2nd period - Stopped by Daniel Vladar without a rebound.
3:58 of 2nd period - Sidney Crosby wins face-off versus Eetu Luostarinen in Montreal Canadiens zone.
4:05 of 2nd period - Backhand shot by Sidney Crosby.
4:05 of 2nd period - Stopped by Anton Forsberg without a rebound.
4:06 of 2nd period - Eetu Luostarinen wins face-off versus Sidney Crosby in Hartford Whalers zone.
4:13 of 2nd period - Slapshot by Alexis Lafreniere.
4:13 of 2nd period - Shot Hit the Post.
4:21 of 2nd period - Wrist shot by Filip Forsberg.
4:21 of 2nd period - Goal by Filip Forsberg - Montreal Canadiens : 1 - Hartford Whalers : 2.
4:22 of 2nd period - Joshua Norris wins face-off versus Matty Beniers in neutral zone.
5:15 of 2nd period - Wrist shot by Adam Fox.
5:15 of 2nd period - Shot Blocked by Trevor van Riemsdyk.
5:17 of 2nd period - Slapshot by Filip Hronek.
5:17 of 2nd period - Shot Blocked by Trevor van Riemsdyk.
5:33 of 2nd period - Snap shot by Filip Forsberg.
5:33 of 2nd period - Shot Misses the Net.
5:37 of 2nd period - Snap shot by Sidney Crosby.
5:37 of 2nd period - Stopped by Anton Forsberg with a rebound.
5:39 of 2nd period - Snap shot by Alexandre Carrier.
5:39 of 2nd period - Deflect By Sidney Crosby.
5:39 of 2nd period - Stopped by Anton Forsberg without a rebound.
5:40 of 2nd period - Joshua Norris wins face-off versus Tyson Jost in Hartford Whalers zone.
5:47 of 2nd period - Wrist shot by Tyson Jost.
5:47 of 2nd period - Shot Misses the Net.
5:49 of 2nd period - Slapshot by Christian Fischer.
5:49 of 2nd period - Stopped by Anton Forsberg without a rebound.
5:50 of 2nd period - Joshua Norris wins face-off versus Tyson Jost in Hartford Whalers zone.
6:19 of 2nd period - Backhand shot by Miles Wood.
6:19 of 2nd period - Shot Misses the Net.
6:21 of 2nd period - Slapshot by Tyson Jost.
6:21 of 2nd period - Shot Misses the Net.
6:23 of 2nd period - Slapshot by Tyson Jost.
6:23 of 2nd period - Stopped by Anton Forsberg with a rebound.
6:25 of 2nd period - Snap shot by Tyson Jost.
6:25 of 2nd period - Stopped by Anton Forsberg with a rebound.
6:27 of 2nd period - Wrist shot by Christian Fischer.
6:27 of 2nd period - Stopped by Anton Forsberg with a rebound.
7:02 of 2nd period - Minor Penalty to Scott Mayfield for Hooking.
7:03 of 2nd period - Casey Cizikas wins face-off versus Tomas Nosek in Montreal Canadiens zone.
9:02 of 2nd period - Penalty to Scott Mayfield is over, Scott Mayfield is back on ice.
9:26 of 2nd period - Slapshot by Tyson Jost.
9:26 of 2nd period - Goal by Tyson Jost - Montreal Canadiens : 2 - Hartford Whalers : 2.
9:27 of 2nd period - Eetu Luostarinen wins face-off versus Matty Beniers in neutral zone.
10:28 of 2nd period - Wrist shot by Casey Cizikas.
10:28 of 2nd period - Stopped by Daniel Vladar with a rebound.
11:35 of 2nd period - Backhand shot by Josh Anderson.
11:35 of 2nd period - Deflect By Casey Cizikas.
11:35 of 2nd period - Stopped by Daniel Vladar with a rebound.
11:37 of 2nd period - Snap shot by Casey Cizikas.
11:37 of 2nd period - Shot Blocked by Brady Skjei.
11:39 of 2nd period - Slapshot by Torey Krug.
11:39 of 2nd period - Stopped by Daniel Vladar with a rebound.
11:58 of 2nd period - Minor Penalty to Tyson Jost for Delaying the game.
11:59 of 2nd period - Joshua Norris wins face-off versus Jake Evans in Montreal Canadiens zone.
12:47 of 2nd period - Tyler Myers is hit by Eetu Luostarinen and loses puck.
13:58 of 2nd period - Penalty to Tyson Jost is over, Tyson Jost is back on ice.
14:16 of 2nd period - Paul Byron is hit by Sidney Crosby and loses puck.
14:53 of 2nd period - Alexander Wennberg is hit by Brady Skjei and loses puck.
17:15 of 2nd period - Tomas Nosek is hit by Michael Raffl and loses puck.
17:36 of 2nd period - Torey Krug is hit by Christian Fischer and loses puck.
17:53 of 2nd period - Slapshot by Adam Fox.
17:53 of 2nd period - Stopped by Anton Forsberg with a rebound.
19:16 of 2nd period - Marcus Foligno is hit by Tomas Nosek and loses puck.
19:44 of 2nd period - Brady Skjei is hit by Kevin Labanc and loses puck.
Goals for this period are 2 for Montreal Canadiens vs 0 for Hartford Whalers.
Shots for this period are 11 for Montreal Canadiens vs 10 for Hartford Whalers.
3rd period
0:01 of 3rd period - Joshua Norris wins face-off versus Matty Beniers in neutral zone.
0:14 of 3rd period - Slapshot by Thomas Chabot.
0:14 of 3rd period - Stopped by Daniel Vladar with a rebound.
0:51 of 3rd period - Casey Cizikas is hit by Tyson Jost and loses puck.
1:16 of 3rd period - Slapshot by Miles Wood.
1:16 of 3rd period - Goal by Miles Wood - Montreal Canadiens : 3 - Hartford Whalers : 2.
1:17 of 3rd period - Joshua Norris wins face-off versus Matty Beniers in neutral zone.
1:40 of 3rd period - Minor Penalty to Patrik Laine for Hooking.
1:41 of 3rd period - Casey Cizikas wins face-off versus Tomas Nosek in Montreal Canadiens zone.
1:54 of 3rd period - Slapshot by Josh Anderson.
1:54 of 3rd period - Shot Hit the Post.
1:56 of 3rd period - Wrist shot by Anthony Mantha.
1:56 of 3rd period - Shot Misses the Net.
2:17 of 3rd period - Filip Hronek is hit by Alexander Wennberg.
3:40 of 3rd period - Penalty to Patrik Laine is over, Patrik Laine is back on ice.
3:50 of 3rd period - Snap shot by Eetu Luostarinen.
3:50 of 3rd period - Stopped by Daniel Vladar without a rebound.
3:51 of 3rd period - Eetu Luostarinen wins face-off versus Sidney Crosby in Montreal Canadiens zone.
3:54 of 3rd period - Slapshot by Alexis Lafreniere.
3:54 of 3rd period - Deflect By Eetu Luostarinen.
3:54 of 3rd period - Stopped by Daniel Vladar with a rebound.
3:56 of 3rd period - Slapshot by Haydn Fleury.
3:56 of 3rd period - Stopped by Daniel Vladar without a rebound.
3:57 of 3rd period - Eetu Luostarinen wins face-off versus Sidney Crosby in Montreal Canadiens zone.
3:58 of 3rd period - Snap shot by Alexis Lafreniere.
3:58 of 3rd period - Stopped by Daniel Vladar without a rebound.
3:59 of 3rd period - Sidney Crosby wins face-off versus Eetu Luostarinen in Montreal Canadiens zone.
4:32 of 3rd period - Wrist shot by Alexander Wennberg.
4:32 of 3rd period - Shot Misses the Net.
4:34 of 3rd period - Snap shot by Alexander Wennberg.
4:34 of 3rd period - Shot Misses the Net.
5:23 of 3rd period - Slapshot by Thomas Chabot.
5:23 of 3rd period - Shot Misses the Net.
5:25 of 3rd period - Backhand shot by Jaccob Slavin.
5:25 of 3rd period - Shot Misses the Net.
5:27 of 3rd period - Snap shot by Alexis Lafreniere.
5:27 of 3rd period - Stopped by Daniel Vladar with a rebound.
5:29 of 3rd period - Slapshot by Eetu Luostarinen.
5:29 of 3rd period - Stopped by Daniel Vladar without a rebound.
5:30 of 3rd period - Joshua Norris wins face-off versus Patrik Laine in Montreal Canadiens zone.
5:39 of 3rd period - Wrist shot by Alexander Wennberg.
5:39 of 3rd period - Shot Misses the Net.
5:41 of 3rd period - Snap shot by Marcus Foligno.
5:41 of 3rd period - Stopped by Daniel Vladar with a rebound.
5:43 of 3rd period - Wrist shot by Joshua Norris.
5:43 of 3rd period - Stopped by Daniel Vladar without a rebound.
5:44 of 3rd period - Casey Cizikas wins face-off versus Sidney Crosby in Montreal Canadiens zone.
5:48 of 3rd period - Minor Penalty to Filip Forsberg for Roughing.
5:49 of 3rd period - Casey Cizikas wins face-off versus Tomas Nosek in Montreal Canadiens zone.
7:48 of 3rd period - Penalty to Filip Forsberg is over, Filip Forsberg is back on ice.
8:13 of 3rd period - Slapshot by Kevin Labanc.
8:13 of 3rd period - Stopped by Daniel Vladar without a rebound.
8:14 of 3rd period - Sidney Crosby wins face-off versus Paul Byron in Montreal Canadiens zone.
8:18 of 3rd period - Minor Penalty to Kevin Labanc for Roughing.
8:19 of 3rd period - Joshua Norris wins face-off versus Patrik Laine in Hartford Whalers zone.
8:19 of 3rd period - Joshua Norris is hit by Filip Hronek.
8:32 of 3rd period - Snap shot by Filip Forsberg.
8:32 of 3rd period - Shot Blocked by Thomas Chabot.
8:34 of 3rd period - Snap shot by Sidney Crosby.
8:34 of 3rd period - Deflect By Filip Forsberg.
8:34 of 3rd period - Stopped by Anton Forsberg without a rebound.
8:35 of 3rd period - Joshua Norris wins face-off versus Sidney Crosby in Hartford Whalers zone.
8:48 of 3rd period - Slapshot by Alexander Wennberg.
8:48 of 3rd period - Stopped by Daniel Vladar without a rebound.
8:49 of 3rd period - Joshua Norris wins face-off versus Sidney Crosby in Montreal Canadiens zone.
8:54 of 3rd period - Snap shot by Marcus Foligno.
8:54 of 3rd period - Deflect By Joshua Norris.
8:54 of 3rd period - Shot Misses the Net.
8:54 of 3rd period - Puck is out of play.
8:55 of 3rd period - Marcus Foligno wins face-off versus Sidney Crosby in Montreal Canadiens zone.
8:58 of 3rd period - Wrist shot by Marcus Foligno.
8:58 of 3rd period - Deflect By Joshua Norris.
8:58 of 3rd period - Goal by Joshua Norris - Montreal Canadiens : 3 - Hartford Whalers : 3.
8:59 of 3rd period - Joshua Norris wins face-off versus Sidney Crosby in neutral zone.
9:07 of 3rd period - Snap shot by Filip Forsberg.
9:07 of 3rd period - Stopped by Anton Forsberg with a rebound.
9:09 of 3rd period - Slapshot by Patrik Laine.
9:09 of 3rd period - Stopped by Anton Forsberg without a rebound.
9:10 of 3rd period - Sidney Crosby wins face-off versus Anthony Mantha in Hartford Whalers zone.
9:11 of 3rd period - Wrist shot by Filip Forsberg.
9:11 of 3rd period - Shot Blocked by Torey Krug.
9:15 of 3rd period - Snap shot by Sidney Crosby.
9:15 of 3rd period - Stopped by Anton Forsberg without a rebound.
9:16 of 3rd period - Alexander Wennberg wins face-off versus Sidney Crosby in Hartford Whalers zone.
9:51 of 3rd period - Wrist shot by Alexander Wennberg.
9:51 of 3rd period - Stopped by Daniel Vladar with a rebound.
10:03 of 3rd period - Snap shot by Filip Forsberg.
10:03 of 3rd period - Stopped by Anton Forsberg without a rebound.
10:04 of 3rd period - Joshua Norris wins face-off versus Matty Beniers in Hartford Whalers zone.
10:13 of 3rd period - Slapshot by Marcus Foligno.
10:13 of 3rd period - Shot Blocked by Brady Skjei.
10:15 of 3rd period - Wrist shot by Marcus Foligno.
10:15 of 3rd period - Stopped by Daniel Vladar with a rebound.
10:17 of 3rd period - Slapshot by Torey Krug.
10:17 of 3rd period - Stopped by Daniel Vladar with a rebound.
10:18 of 3rd period - Penalty to Kevin Labanc is over, Kevin Labanc is back on ice.
10:27 of 3rd period - Slapshot by Joshua Norris.
10:27 of 3rd period - Shot Blocked by Martin Necas.
10:29 of 3rd period - Wrist shot by Kevin Labanc.
10:29 of 3rd period - Goal by Kevin Labanc - Montreal Canadiens : 3 - Hartford Whalers : 4.
10:30 of 3rd period - Matty Beniers wins face-off versus Joshua Norris in neutral zone.
10:33 of 3rd period - Wrist shot by Martin Necas.
10:33 of 3rd period - Stopped by Anton Forsberg with a rebound.
10:43 of 3rd period - Snap shot by Patrik Laine.
10:43 of 3rd period - Stopped by Anton Forsberg without a rebound.
10:44 of 3rd period - Casey Cizikas wins face-off versus Sidney Crosby in Hartford Whalers zone.
11:49 of 3rd period - Icing by Brett Howden.
11:50 of 3rd period - Sidney Crosby wins face-off versus Paul Byron in Hartford Whalers zone.
12:47 of 3rd period - Wrist shot by Rasmus Asplund.
12:47 of 3rd period - Stopped by Anton Forsberg with a rebound.
13:33 of 3rd period - Wrist shot by Paul Byron.
13:33 of 3rd period - Stopped by Daniel Vladar with a rebound.
13:54 of 3rd period - Off-side.
13:55 of 3rd period - Josh Anderson wins face-off versus Sidney Crosby in neutral zone.
13:58 of 3rd period - Wrist shot by Josh Anderson.
13:58 of 3rd period - Deflect By Anthony Mantha.
13:58 of 3rd period - Shot Misses the Net.
13:58 of 3rd period - Puck is out of play.
13:59 of 3rd period - Sidney Crosby wins face-off versus Casey Cizikas in Montreal Canadiens zone.
13:59 of 3rd period - Sidney Crosby is hit by Josh Anderson.
14:15 of 3rd period - Slapshot by Anthony Mantha.
14:15 of 3rd period - Stopped by Daniel Vladar with a rebound.
14:58 of 3rd period - Wrist shot by Rasmus Asplund.
14:58 of 3rd period - Shot Blocked by Eetu Luostarinen.
15:16 of 3rd period - Tyler Myers is hit by Jaccob Slavin and loses puck.
15:49 of 3rd period - Alexandre Carrier is hit by Alexander Wennberg and loses puck.
16:09 of 3rd period - Icing by Alexandre Carrier.
16:10 of 3rd period - Matty Beniers wins face-off versus Michael Raffl in Montreal Canadiens zone.
16:42 of 3rd period - Alec Martinez is hit by Tyler Myers and loses puck.
17:05 of 3rd period - Wrist shot by Marcus Foligno.
17:05 of 3rd period - Shot Blocked by Tyler Myers.
17:07 of 3rd period - Snap shot by Joshua Norris.
17:07 of 3rd period - Shot Misses the Net.
17:09 of 3rd period - Slapshot by Haydn Fleury.
17:09 of 3rd period - Deflect By Marcus Foligno.
17:09 of 3rd period - Stopped by Daniel Vladar without a rebound.
17:10 of 3rd period - Eetu Luostarinen wins face-off versus Filip Forsberg in Montreal Canadiens zone.
17:13 of 3rd period - Slapshot by Thomas Chabot.
17:13 of 3rd period - Shot Blocked by Brady Skjei.
17:31 of 3rd period - Thomas Chabot is hit by Filip Hronek and loses puck.
17:46 of 3rd period - Wrist shot by Rasmus Asplund.
17:46 of 3rd period - Stopped by Anton Forsberg without a rebound.
17:47 of 3rd period - Tyson Jost wins face-off versus Brett Howden in Hartford Whalers zone.
17:47 of 3rd period - Tyson Jost is hit by Kevin Labanc.
18:14 of 3rd period - Snap shot by Brett Howden.
18:14 of 3rd period - Shot Misses the Net.
18:22 of 3rd period - Slapshot by Kevin Labanc.
18:22 of 3rd period - Shot Blocked by Adam Fox.
18:24 of 3rd period - Slapshot by Brett Howden.
18:24 of 3rd period - Goal by Brett Howden - Montreal Canadiens : 3 - Hartford Whalers : 5.
18:25 of 3rd period - Eetu Luostarinen wins face-off versus Tyson Jost in neutral zone.
18:40 of 3rd period - Wrist shot by Adam Fox.
18:40 of 3rd period - Stopped by Anton Forsberg with a rebound.
19:31 of 3rd period - Wrist shot by Filip Forsberg.
19:31 of 3rd period - Shot Blocked by Trevor van Riemsdyk.
19:33 of 3rd period - Snap shot by Filip Forsberg.
19:33 of 3rd period - Goal by Filip Forsberg - Montreal Canadiens : 4 - Hartford Whalers : 5.
19:34 of 3rd period - Sidney Crosby wins face-off versus Joshua Norris in neutral zone.
19:37 of 3rd period - Montreal Canadiens, Daniel Vladar is pulled from the net.
19:37 of 3rd period - Snap shot by Patrik Laine.
19:37 of 3rd period - Stopped by Anton Forsberg with a rebound.
19:51 of 3rd period - Snap shot by Patrik Laine.
19:51 of 3rd period - Shot Misses the Net.
19:53 of 3rd period - Slapshot by Filip Forsberg.
19:53 of 3rd period - Shot Misses the Net.
Goals for this period are 2 for Montreal Canadiens vs 3 for Hartford Whalers.
Shots for this period are 13 for Montreal Canadiens vs 20 for Hartford Whalers.
Back to the Top